 Dungeon Crawl Stone Soup version 0.17.1-2-g5865329 (webtiles) character file.

1091452 simples the Invulnerable (level 27, -2/218 HPs)
             Began as a Minotaur Fighter on Jan 23, 2016.
             Was a High Priest of the Shining One.
             Killed from afar by a starcursed mass (9 damage)
             ... with an accursed screaming
             ... on level 7 of a ziggurat on Jan 24, 2016.
             The game lasted 10:01:59 (125559 turns).

simples the Invulnerable (Minotaur Fighter)       Turns: 125559, Time: 10:02:03

Health: -2/218     AC: 47    Str: 36    XL:     27
Magic:  0/36       EV: 37    Int:  6    God:    the Shining One [*****.]
Gold:   8036       SH: 39    Dex: 30    Spells: 0 memorised, 26 levels left

rFire  + . .     SeeInvis +     L - +9 sacred scourge (holy)
rCold  + + .     Clarity  .     A - +8 chain mail {rF+}
rNeg   + + +     SustAt   .     U - +7 large shield
rPois  +         Gourm    .     (helmet unavailable)
rElec  +         Spirit   +     y - +3 cloak of Voemamef {rN+}
rCorr  .         Warding  .     D - +3 pair of gauntlets of War {Slay+5}
rMut   .         NoTele   +     V - +1 pair of boots "Loosor" {Dex+6}
MR     ++...                    B - amulet of Otye {Spirit -Tele rPois rC+ Str+7}
Stlth  +.........               c - ring of Freedom {rElec rC+ Str+3 Int+3 Dex+5}
                                z - +6 ring of protection

@: mighty, very slightly contaminated, hasted, glowing, very quick, very
resistant to hostile enchantments, very unstealthy
A: retaliatory headbutt, horns 3, large bone plates 1, see invisible, clumsy 1,
dopey 1, frail 2, teleportitis 1, weak 1
a: Divine Shield, Cleansing Flame, Summon Divine Warrior, Renounce Religion
}: 10/15 runes: decaying, serpentine, slimy, silver, golden, iron, obsidian,
icy, bone, abyssal


You were on level 7 of a ziggurat.
You worshipped the Shining One.
The Shining One was extremely pleased with you.
You were not hungry.

You visited 18 branches of the dungeon, and saw 94 of its levels.
You visited Pandemonium 1 time, and saw 7 of its levels.
You visited the Abyss 2 times.
You visited 1 bazaar.
You visited 1 ziggurat, and saw 7 of its levels.
You also visited: Labyrinth and Trove.

You collected 15591 gold pieces.
You spent 6877 gold pieces at shops.
You donated 678 gold pieces to Zin.

Inventory:

Hand Weapons
 k - the +9 whip of Courage {flame, rPois rF+ rN+}
   (You found it on level 3 of the Snake Pit)

   It has been specially enchanted to burn those struck by it, causing extra
   injury to most foes and up to half again as much damage against particularly
   susceptible opponents.
   It protects you from fire.
   It protects you from poison.
   It protects you from negative energy.
 L - a +9 sacred scourge of holy wrath (weapon)
Armour
 a - the +2 pair of gloves "Vidon" {rPois SInv Stlth-}
   (You bought it in a shop on level 4 of the Orcish Mines)

   It protects you from poison.
   It lets you see invisible.
   It makes you less stealthy.
 u - the +1 shield of the Equinox {rC+ Regen+}
   (You found it on level 8 of the Lair of Beasts)

   It protects you from cold.
   It increases your rate of regeneration.
 y - the +3 cloak of Voemamef (worn) {rN+}
   (You found it on level 3 of the Tomb of the Ancients)

   It protects you from negative energy.
 A - a +8 chain mail of fire resistance (worn)
 D - the +3 pair of gauntlets of War (worn) {Slay+5}
   (You acquired it on level 7 of Gehenna)

   It affects your accuracy and damage with ranged weapons and melee attacks
   (+5).
 U - a +7 large shield (worn)
 V - the +1 pair of boots "Loosor" (worn) {Dex+6}
   (You found it on level 8 of the Dungeon)

   It affects your dexterity (+6).
Jewellery
 c - the ring of Freedom (right hand) {rElec rC+ Str+3 Int+3 Dex+5}
   (You found it on level 3 of the Elven Halls)

   [ring of intelligence]

   It affects your strength (+3).
   It affects your intelligence (+3).
   It affects your dexterity (+5).
   It protects you from cold.
   It insulates you from electricity.
 e - the amulet "Aduun" {Stasis Stlth+}
   (You acquired it in Pandemonium)

   [amulet of stasis]

   It prevents you from being teleported, slowed, hasted or paralysed.
   It makes you more stealthy.
 o - an uncursed ring of protection from fire
 x - an uncursed amulet of resist corrosion
 z - a +6 ring of protection (left hand)
 B - the amulet of Otye (around neck) {Spirit -Tele rPois rC+ Str+7}
   (You found it on level 5 of the Lair of Beasts)

   [amulet of guardian spirit]

   It causes incoming damage to be split between your health and magic.
   It affects your strength (+7).
   It protects you from cold.
   It protects you from poison.
   It prevents most forms of teleportation.
 E - a +2 ring of intelligence
 H - an uncursed amulet of warding
 M - the ring of Yprehod {rElec MR+}
   (You bought it in a shop on level 3 of the Elven Halls)

   [ring of protection from magic]

   It insulates you from electricity.
   It affects your resistance to hostile enchantments.
 N - the ring of Kazoadig {rPois rC+ Str+2 Dex+2 Stlth+}
   (You found it on level 7 of Cocytus)

   [ring of dexterity]

   It affects your strength (+2).
   It affects your dexterity (+2).
   It protects you from cold.
   It protects you from poison.
   It makes you more stealthy.
 O - an uncursed amulet of resist mutation
 P - an uncursed ring of sustain attributes
 Q - an uncursed ring of protection from magic
 X - an uncursed ring of flight
 Y - an uncursed amulet of clarity
 Z - an uncursed ring of protection from fire
Wands
 i - a wand of digging (14)
 l - a wand of teleportation (3)
Scrolls
 d - 12 scrolls of teleportation
 g - 3 scrolls of holy word
 h - a scroll of amnesia
 n - 3 scrolls of enchant weapon
 s - 26 scrolls of remove curse
 F - 11 scrolls of identify
 I - 4 scrolls of magic mapping
 R - a scroll of blinking
 T - 6 scrolls of fear
Potions
 f - 8 potions of resistance
 q - 2 potions of flight
 C - a potion of cure mutation
 G - a potion of magic
 J - 4 potions of cancellation
 K - a potion of haste
 S - 6 potions of agility
Books
 b - the Collected Works on the Escort and Contamination
   (You found it on level 2 of a ziggurat)

   Spells                             Type                      Level
   a - Sting                          Conjuration/Poison           1
   b - Summon Small Mammal            Summoning                    1
   c - Cure Poison                    Poison                       2
   d - Call Canine Familiar           Summoning                    3
   e - Olgreb's Toxic Radiance        Poison                       4
   f - Summon Mana Viper              Hexes/Summoning              5
Comestibles
 m - 5 royal jellies
 p - a bread ration
 r - 18 beef jerkies
 t - 55 fruits
 v - 4 meat rations


   Skills:
 O Level 27 Fighting
   Level 21.0(23.7) Axes
 - Level 20.2(23.3) Maces & Flails
 - Level 8.4 Throwing
 O Level 27 Armour
 O Level 27 Dodging
 + Level 10.8 Stealth
 - Level 25.2 Shields
 + Level 21.4 Invocations
 + Level 16.7 Evocations


You had 26 spell levels left.
You didn't know any spells.

Dungeon Overview and Level Annotations

Branches:
Dungeon (15/15)            Temple (1/1) D:4            Lair (8/8) D:8
  Swamp (4/4) Lair:6        Snake (4/4) Lair:3        Slime (6/6) Lair:7
    Orc (4/4) D:11            Elf (3/3) Orc:4        Vaults (5/5) D:14
  Crypt (3/3)                Tomb (3/3) Crypt:3      Depths (5/5) D:15
   Hell (1/1)                 Dis (7/7) Hell            Geh (7/7) Hell
    Coc (7/7) Hell            Tar (7/7) Hell            Zot (4/5) Depths:5

Altars:
Ashenzari
Cheibriados
Dithmenos
Elyvilon
Fedhas
Gozag
Kikubaaqudgha
Makhleb
Nemelex Xobeh
Okawaru
Qazlal
Ru
Sif Muna
Trog
Vehumet
Xom
Yredelemnul
Zin
The Shining One
Beogh
Jiyva

Shops:
D:9 *   D:14 [   D:15 ?   Orc:4 (:([   Elf:1 *!=*   Elf:2 }   Elf:3 =
Snake:4 !   Vaults:1 (   Vaults:3 (   Depths:1 }(   Depths:2 :

Portals:
Hell: Depths:1 Depths:2 Depths:3 Depths:4 Depths:5
Abyss: Depths:1 Depths:2 Depths:4 Depths:5
Pandemonium: Depths:3 Depths:4

Annotations:
Lair:5 exclusion: ice statue
Tar:7 Ereshkigal, Serpent of Hell


Innate Abilities, Weirdness & Mutations

You reflexively headbutt those who attack you in melee.
You have a pair of large horns on your head.
You are partially covered in large bone plates (AC +2, SH +2).
You have supernaturally acute eyesight.
You are clumsy. (Dex -2)
You are dopey. (Int -2)
You are very frail (-20% HP).
You are occasionally teleported next to monsters.
You are weak. (Str -2)


Message History

The starcursed mass closely misses your angel.
Your daeva hits the starcursed mass with a scimitar of holy wrath!!
The starcursed mass is destroyed!
The large abomination hits you but does no damage.
Your angel gestures.
Your angel is healed somewhat.
The neqoxec gestures.
Your angel hits the starcursed mass with a sacred scourge of holy wrath!!
The starcursed mass shudders and is absorbed by its neighbour.
The starcursed mass barely misses your angel.
The starcursed mass engulfs your angel but does no damage.
You can move again.
You cannot teleport because you are wearing the amulet of Otye {Spirit -Tele rPois rC+ Str+7}.
You thrash the starcursed mass!!
You destroy the starcursed mass!
The starcursed mass engulfs your angel.
The starcursed mass engulfs your angel but does no damage.
You block the large abomination's attack.
A cacophony of accursed wailing tears at your sanity!
You die...

▓▓ ▓▓▓▓▓.▓▓▓▓▓
▓▓.........▓▓
▓▓...........▓
▓▓..vX.X.......
▓.....5X8..X...
▓▓.....A@..AXX}∩
▓..∩...8.AX8X.)>
▓▓.......3XXX..∩
▓.......85X....
▓▓......5....v.
▓▓...........▓
▓▓.........▓▓
▓▓▓▓▓.▓▓▓▓▓ ▓▓


You could see 11 starcursed masses, 2 spatial vortices, a large abomination, a
neqoxec, a crimson imp, 2 ufetubi, a friendly daeva and 2 friendly angels.

Vanquished Creatures
  Antaeus (Coc:7)
  the royal jelly (Slime:6)
  Dispater (Dis:7)
  An ancient lich (Vaults:5)
  Khufu (Crypt:1)
  Mennas (Crypt:3)
  6 pandemonium lords (Pan)
  31 greater mummies
  Frederick (Crypt:1)
  the Lernaean hydra (Swamp:3)
  16 shard shrikes
  Norris (Snake:3)
  Vashnia (Snake:4)
  A curse toe (Zot:2)
  Geryon (Hell)
  7 golden dragons
  Nikola (Depths:1)
  Jory (Depths:3)
  3 bone dragons
  A profane servitor (Crypt:3)
  16 Brimstone Fiends
  17 liches
  11 tentacled monstrosities
  26 Ice Fiends
  7 Hell Sentinels
  5 titans
  Asterion (Snake:1)
  19 acid blobs
  15 Shadow Fiends
  4 quicksilver dragons
  A deep elf master archer (Elf:3)
  2 deep elf blademasters (Elf:3)
  Murray (Hell)
  5 tentacled starspawn
  4 Executioners (Pan)
  4 thorn hunters
  13 tengu reavers
  8 death cobs
  3 ancient champions
  8 sphinxes
  Frances (Elf:1)
  Kirke (Snake:4)
  14 shadow dragons
  4 revenants
  Roxanne (Swamp:1)
  3 draconian monks
  14 storm dragons
  A daeva (Pan)
  9 greater nagas
  21 azure jellies
  9 deep elf sorcerers (Elf:3)
  Donald (Snake:1)
  8 iron dragons
  An orc warlord (Orc:3)
  12 vault wardens
  A draconian knight (Zot:3)
  21 balrugs
  3 angels
  2 draconian scorchers
  6 cacodemons (Pan)
  10 frost giants
  15 fire giants
  A curse skull (Crypt:2)
  A ghost moth (Zot:4)
  7 draconian zealots
  A warmonger (Pan)
  6 draconian shifters
  7 ghouls
  2 draconian annihilators
  44 reapers
  A spriggan defender (Depths:4)
  18 war gargoyles
  15 ironheart preservers
  27 stone giants
  16 very ugly things
  29 large abominations
  4 deep elf demonologists
  8 salamander firebrands
  An elemental wellspring (Coc:6)
  6 black draconians
  A draconian caller (Zot:3)
  6 vampire knights
  6 green draconians
  The ghost of slayr the Spear-Bearer, a journeyman MfVM of Sif Muna (Lair:4)
  6 bennus
  5 chaos champions (Pan)
  6 red draconians
  2 white draconians
  3 lorocyprocas (Pan)
  11 deep elf annihilators
  2 salamander stormcallers (Vaults:5)
  2 blood saints (Pan)
  7 mottled draconians
  A dire elephant (D:15)
  3 purple draconians
  4 yellow draconians
  8 ettins
  13 blizzard demons
  8 corrupters (Pan)
  5 green deaths (Pan)
  A merfolk javelineer (Zig:6)
  18 jiangshi
  4 eidola
  28 mummy priests
  Erolcha (Orc:1)
  19 fire dragons
  A black sun (Pan)
  7 deep elf death magi
  38 vault guards
  A merfolk impaler (Zig:6)
  16 yaktaur captains
  Josephine (D:13)
  10 death oozes (Slime:6)
  A great orb of eyes (shapeshifter) (Vaults:2)
  8 deep elf high priests
  2 kraken zombies
  10 ogre magi
  5 quicksilver dragon zombies
  4 quicksilver dragon skeletons
  Fannar (Orc:1)
  5 rakshasas
  11 great orbs of eyes
  25 ice dragons
  17 naga warriors
  A hydra (shapeshifter) (Vaults:5)
  26 hydras
  3 monstrous demonspawn (Pan)
  8 alligators
  4 spriggan air magi
  Erica (D:7)
  4 death knights
  6 entropy weavers
  4 hell beasts
  An anaconda (shapeshifter) (Depths:3)
  13 centaur warriors
  2 catoblepae (D:14)
  3 ghost crabs
  8 tengu warriors
  8 deep troll shamans
  An alligator (shapeshifter) (Vaults:2)
  20 dancing weapons
  17 anacondas
  3 orc high priests (Orc:4)
  A thrashing horror (Abyss:3)
  3 titan zombies
  17 soul eaters
  4 death yaks (Lair:6)
  8 naga sharpshooters
  Urug (Orc:1)
  7 vampire magi
  5 deep troll earth magi
  7 shock serpents
  3 spriggan berserkers
  6 storm dragon zombies
  9 hell hogs
  31 sun demons
  8 iron golems
  A fire crab (Vaults:2)
  34 ice devils
  11 shadow wraiths
  3 unseen horrors
  20 deep elf knights
  6 salamander mystics
  6 wretched stars
  2 titan skeletons
  19 death scarabs
  12 small abominations
  3 spatial maelstroms
  2 storm dragon skeletons
  35 hell knights
  93 skeletal warriors
  A fire crab (shapeshifter) (Vaults:1)
  A ghost moth zombie (Dis:3)
  17 deep trolls
  A golden dragon zombie (Crypt:2)
  7 giant orange brains
  11 anaconda zombies
  10 flayed ghosts
  7 infernal demonspawn (Pan)
  15 shadow demons
  A sea snake (shapeshifter) (Vaults:5)
  9 iron trolls
  5 gelid demonspawn
  3 wizards
  A sea snake (Zig:6)
  7 swamp dragons (Swamp:4)
  8 hill giants
  3 shadow dragon zombies
  A death drake (shapeshifter) (Depths:2)
  An anubis guard (shapeshifter) (Elf:2)
  2 golden dragon skeletons
  15 naga ritualists
  10 phantasmal warriors
  Pikel (D:5)
  7 deep elf summoners
  5 putrid demonspawn (Pan)
  A death drake (Tar:1)
  5 harpies
  4 shambling mangroves
  A hill giant (shapeshifter) (Depths:5)
  3 wolf spider zombies
  2 torturous demonspawn (Pan)
  17 orc knights
  19 deep elf conjurers
  A lindwurm (shapeshifter) (Vaults:5)
  3 anaconda skeletons
  7 necromancers
  21 anubis guards
  An orb spider (Abyss:1)
  A wolf spider (shapeshifter) (Vaults:4)
  3 iron dragon zombies
  5 frost giant zombies
  15 ironbrand convokers
  4 orc sorcerers
  4 griffons
  7 wolf spiders
  A manticore (D:14)
  17 mana vipers
  5 shining eyes
  A stone giant zombie (Dis:7)
  20 salamanders
  6 fire giant zombies
  4 elephants
  7 hornets
  10 sixfirhies (Pan)
  An elephant (shapeshifter) (Depths:2)
  25 moths of wrath
  5 vault sentinels
  3 worldbinders
  4 cyclopes
  2 shining eyes (shapeshifter)
  3 shock serpent zombies
  3 frost giant skeletons
  An iron dragon skeleton (Geh:6)
  10 guardian serpents
  22 smoke demons
  51 ugly things
  2 dire elephant zombies
  2 stone giant skeletons
  3 gargoyles
  An eye of devastation (Slime:6)
  17 naga magi
  4 molten gargoyles
  66 black mambas
  An ice statue (Coc:7)
  26 spiny frogs
  5 fire giant skeletons
  2 black mambas (shapeshifter)
  16 rust devils
  12 orange demons
  A dire elephant skeleton (Coc:2)
  7 komodo dragons
  A guardian serpent (shapeshifter) (Depths:2)
  A purple draconian zombie (Crypt:1)
  2 kobold demonologists
  2 death yak zombies (Crypt:1)
  43 yaktaurs
  A spriggan zombie (Zig:5)
  24 tormentors
  A fire drake (Lair:1)
  23 hellions
  A redback zombie (D:14)
  9 demonic crawlers (Pan)
  2 anaconda simulacra
  10 hellwings
  3 ancient zymes
  4 efreet
  2 catoblepas skeletons
  3 harpy zombies
  25 red devils
  A merfolk (Zig:6)
  A queen bee (D:8)
  11 polar bears
  A jumping spider (Depths:3)
  2 silent spectres
  5 tengu conjurers
  18 two-headed ogres
  32 guardian mummies
  10 deep elf priests
  29 freezing wraiths
  2 harpy skeletons
  27 blue devils
  76 slime creatures
  9 raiju
  12 hydra zombies
  8 hydra skeletons
  A merfolk (shapeshifter) (Vaults:4)
  Prince Ribbit (D:8)
  6 giant leeches
  A jumping spider (shapeshifter) (Vaults:2)
  A wind drake (shapeshifter) (Vaults:3)
  26 blink frogs
  A slime creature (shapeshifter) (Depths:5)
  5 fire dragon zombies
  6 trolls
  5 alligator zombies
  A snapping turtle (Zig:6)
  A frost giant simulacrum (Crypt:3)
  3 ice dragon zombies
  44 deep elf magi
  33 shadows
  The ghost of DishwasherDemon the Cudgeler, an amateur KoBe of Trog (D:3)
  11 bog bodies
  8 boulder beetles
  A centaur simulacrum (D:14)
  4 ettin zombies
  30 ushabtiu
  A trapdoor spider (D:15)
  6 redbacks
  2 alligator skeletons
  5 water elementals
  A tarantella (shapeshifter) (Depths:5)
  4 tarantellas
  4 ettin skeletons
  46 yaks
  8 wyverns
  25 wraiths
  5 spriggans
  A wolf spider simulacrum (Coc:7)
  2 ice dragon skeletons
  3 starcursed masses
  16 ynoxinuls (Pan)
  3 fire dragon skeletons
  A fire giant simulacrum (Crypt:3)
  131 flying skulls
  4 air elementals
  8 basilisks
  12 vampires
  An orc simulacrum (Vaults:2)
  3 fire bats
  15 fire elementals
  8 hippogriffs
  Grum (D:7)
  2 black mamba skeletons
  41 wolves
  40 deep elf fighters
  57 nagas
  13 chaos spawn
  18 neqoxecs
  A putrid demonspawn zombie (Geh:4)
  42 vampire mosquitoes
  A spectral spiny frog (Crypt:3)
  A spatial vortex (Abyss:3)
  14 swamp worms
  12 insubstantial wisps
  2 mottled dragons
  A deep troll zombie (Crypt:2)
  14 wargs
  37 hell hounds
  5 hungry ghosts
  8 spiny frog zombies
  32 water moccasins
  5 sky beasts
  3 hydra simulacra
  9 eyes of draining
  9 porcupines
  15 ice beasts
  37 orc warriors
  A snapping turtle zombie (Coc:7)
  12 swamp drakes
  7 spiny frog skeletons
  3 phantoms
  4 spiders (Lair:8)
  5 manticore zombies
  13 wasps
  24 necrophages
  2 slaves (D:5)
  2 alligator simulacra
  15 black bears
  A black bear (shapeshifter) (Vaults:2)
  42 ogres
  A snapping turtle skeleton (Coc:7)
  A swamp dragon zombie (Dis:7)
  21 centaurs
  An ettin simulacrum (Coc:7)
  3 boggarts (Depths:1)
  11 crocodiles
  A manticore skeleton (Geh:6)
  A big kobold (shapeshifter) (Elf:3)
  A yaktaur zombie (Crypt:2)
  A brain worm (Abyss:1)
  A big kobold (D:7)
  An elf skeleton (Geh:3)
  25 giant frogs
  A glowing shapeshifter simulacrum (Vaults:2)
  3 spiny frog simulacra
  3 scorpions
  A wyvern skeleton (Crypt:1)
  A water moccasin zombie (Crypt:2)
  17 killer bees
  2 troll zombies
  A raiju skeleton (Crypt:1)
  A snapping turtle simulacrum (Crypt:3)
  27 wights
  A troll skeleton (Crypt:2)
  13 crimson imps
  5 lava snakes (Lair:5)
  A spriggan skeleton (Coc:6)
  A polar bear skeleton (Crypt:1)
  An electric eel (Lair:6)
  A quasit (D:13)
  A soldier ant zombie (Crypt:2)
  4 centaur skeletons
  A black bear zombie (Crypt:2)
  14 hounds
  14 jellies
  24 orc priests
  3 giant frog skeletons
  A giant frog zombie (D:8)
  A gnoll shaman (D:9)
  3 human zombies
  10 iguanas
  10 iron imps
  46 orc wizards
  14 worker ants
  21 sheep
  A naga zombie (Dis:7)
  An ogre zombie (Crypt:1)
  A hound zombie (D:7)
  A mottled dragon skeleton (Crypt:2)
  A naga skeleton (Tar:5)
  A big kobold skeleton (Crypt:1)
  65 mummies
  A worker ant zombie (D:5)
  18 adders
  10 gnolls
  An ogre simulacrum (Coc:7)
  87 river rats
  12 white imps
  5 shadow imps
  2 giant eyeballs
  3 oozes
  2 adder skeletons (D:7)
  5 worms
  4 giant geckos
  219 orcs
  5 ball pythons
  3 giant cockroaches
  11 goblins
  5 hobgoblins
  11 jackals
  17 kobolds
  2 quokkas
  9 bats
  A giant gecko skeleton (Crypt:2)
  6 giant newts
  A goblin zombie (D:5)
  A hobgoblin zombie (D:5)
  A jackal skeleton (D:5)
  A kobold skeleton (D:5)
  4 kobold zombies
  4 orc skeletons
  A quokka skeleton (D:6)
  10 rats
  5 crawling corpses
  5 fungi
  A lurking horror (Abyss:3)
  8 plants
  5 starspawn tentacles
  2 tentacles
  A tentacle segment (Coc:3)
4396 creatures vanquished.

Vanquished Creatures (collateral kills)
  Asmodeus (Geh:7)
  5 greater mummies (Tomb:1)
  2 shard shrikes (Coc:7)
  A bone dragon (Zig:7)
  3 Brimstone Fiends (Geh:7)
  3 Ice Fiends
  5 Hell Sentinels
  A Shadow Fiend (Pan)
  2 sphinxes (Tomb:1)
  An eldritch tentacle (Pan)
  2 azure jellies (Slime:6)
  A fire giant (Geh:7)
  2 chaos champions (Pan)
  3 cacodemons
  2 iron dragons (Dis:7)
  2 balrugs
  3 warmongers (Pan)
  5 reapers
  A blood saint (Pan)
  2 war gargoyles (Dis:7)
  An elemental wellspring (Coc:7)
  2 bennus (Tomb:2)
  2 lorocyprocas (Pan)
  A black sun (Pan)
  3 green deaths (Pan)
  A merfolk javelineer (Zig:6)
  4 blizzard demons (Coc:7)
  2 mummy priests
  A hell beast (Pan)
  2 monstrous demonspawn (Pan)
  5 ice dragons (Coc:7)
  A titan zombie (Dis:7)
  2 storm dragon zombies (Dis:7)
  6 iron golems (Dis:7)
  A sun demon (Pan)
  2 soul eaters
  4 skeletal warriors
  5 anaconda zombies
  A shadow demon (Pan)
  A storm dragon skeleton (Tar:4)
  2 iron trolls (Dis:7)
  2 gelid demonspawn (Pan)
  A spriggan druid (Zig:4)
  6 ice devils
  2 infernal demonspawn (Pan)
  A putrid demonspawn (Pan)
  A shadow dragon zombie (Coc:7)
  2 torturous demonspawn (Pan)
  2 anubis guards (Tomb:2)
  An anaconda skeleton (Coc:7)
  A cyclops (Zig:6)
  A shadow dragon skeleton (Tar:4)
  An iron dragon skeleton (Dis:7)
  A stone giant skeleton (Geh:7)
  3 water nymphs (Zig:6)
  6 rust devils
  4 sixfirhies (Pan)
  3 smoke demons (Pan)
  A dire elephant zombie (Dis:7)
  2 hellions
  A demonic crawler (Pan)
  7 tormentors
  2 orange demons (Pan)
  2 freezing wraiths
  A hydra zombie (Coc:7)
  3 guardian mummies
  2 hellwings (Pan)
  A catoblepas skeleton (Tar:5)
  4 blue devils (Coc:7)
  4 red devils
  3 merfolk (Zig:6)
  4 ushabtiu (Tomb:1)
  A bog body (Coc:7)
  A vampire (Dis:7)
  A black mamba zombie (Geh:7)
  3 flying skulls (Coc:7)
  An ettin skeleton (Coc:7)
  A water elemental (Coc:7)
  6 ynoxinuls (Pan)
  A wraith (Dis:7)
  2 chaos spawn (Pan)
  2 neqoxecs (Pan)
  3 large abominations
  A small abomination (Zig:7)
  A spiny frog zombie (Coc:7)
  A swamp drake (Zig:4)
  A hell hound (Geh:7)
  2 swamp dragon zombies
  A snapping turtle skeleton (Tomb:1)
  A manticore skeleton (Geh:7)
  An elf zombie (Dis:7)
  A wight (Tar:4)
  A crimson imp (Geh:7)
  5 starcursed masses (Zig:7)
  A human zombie (Tomb:2)
  2 iron imps (Dis:7)
  6 mummies
  A shadow imp (Tar:6)
219 creatures vanquished.

Vanquished Creatures (others)
  A death cob (Zot:3)
  An eldritch tentacle (Dis:7)
  A revenant (Tomb:2)
  A fire giant (Depths:4)
  A frost giant (Depths:4)
  A draconian knight (Zot:3)
  An elemental wellspring (Coc:7)
  A salamander stormcaller (Vaults:2)
  A hydra (Swamp:4)
  A tengu warrior (Depths:3)
  An anaconda zombie (Geh:7)
  6 death scarabs
  An anaconda skeleton (Crypt:2)
  A deep elf priest (Elf:2)
  A harpy zombie (Tomb:3)
  A bog body (Zig:4)
  A deep elf mage (Elf:1)
  A fire dragon skeleton (Geh:7)
  A vampire (Coc:7)
  20 flying skulls
  7 humans (Snake:4)
  A black mamba skeleton (Geh:7)
  A ynoxinul (Pan)
  A naga (Snake:4)
  2 deep elf fighters
  A hell hound (Tar:3)
  A boggart (Depths:1)
  A crimson imp (D:5)
  An orc wizard (D:5)
  3 orcs
  A giant cockroach zombie (D:5)
  A crawling corpse (Elf:3)
  128 eldritch tentacle segments
  2 fire vortices
  25 fungi
  7 lost souls
  37 plants
  6 starspawn tentacles
  86 starspawn tentacle segments
  6 tentacles
  544 tentacle segments
906 creatures vanquished.

Grand Total: 5521 creatures vanquished

Notes
Turn   | Place    | Note
--------------------------------------------------------------
     0 | D:1      | simples the Minotaur Fighter began the quest for the Orb.
     0 | D:1      | Reached XP level 1. HP: 19/19 MP: 0/0
    85 | D:1      | Reached XP level 2. HP: 24/27 MP: 1/1
   133 | D:1      | Reached skill level 4 in Fighting
   749 | D:2      | Reached XP level 3. HP: 33/33 MP: 2/2
   840 | D:2      | Reached XP level 4. HP: 39/41 MP: 3/3
  1271 | D:2      | Found a sacrificial altar of Ru.
  1277 | D:2      | Found a shadowy altar of Dithmenos.
  1315 | D:2      | Reached skill level 5 in Axes
  1317 | D:2      | Found a radiant altar of Vehumet.
  1319 | D:2      | Found an ancient bone altar of Kikubaaqudgha.
  1697 | D:3      | Noticed DishwasherDemon's ghost (amateur KoBe)
  2060 | D:3      | Killed DishwasherDemon's ghost
  2060 | D:3      | Reached skill level 5 in Fighting
  2060 | D:3      | Reached skill level 6 in Axes
  2060 | D:3      | Reached XP level 5. HP: 19/48 MP: 4/4
  2060 | D:3      | Reached XP level 6. HP: 22/56 MP: 5/5
  2860 | D:3      | Found a basalt altar of Yredelemnul.
  3206 | D:4      | Reached skill level 7 in Axes
  3589 | D:4      | Reached XP level 7. HP: 61/63 MP: 6/6
  3663 | D:4      | Reached skill level 8 in Axes
  4003 | D:4      | Found a staircase to the Ecumenical Temple.
  4032 | Temple   | Entered the Ecumenical Temple
  4249 | Temple   | Became a worshipper of Zin the Law-Giver
  4249 | Temple   | Reached * piety under Zin
  4312 | D:4      | Reached skill level 9 in Axes
  4705 | D:5      | Entered Level 5 of the Dungeon
  4778 | D:5      | Noticed Pikel
  4788 | D:5      | Killed Pikel
  4788 | D:5      | Reached skill level 10 in Axes
  4788 | D:5      | Reached XP level 8. HP: 54/74 MP: 7/7
  4922 | D:5      | Found a glowing golden altar of the Shining One.
  5097 | D:5      | Reached ** piety under Zin
  5173 | D:5      | Noticed a moth of wrath
  5176 | D:5      | Found a bloodstained altar of Trog.
  5275 | D:6      | Reached skill level 11 in Axes
  5419 | D:6      | Found a burning altar of Makhleb.
  5716 | D:6      | Found an iron altar of Okawaru.
  5758 | D:6      | Reached XP level 9. HP: 77/82 MP: 8/8
  5888 | D:7      | Found a white marble altar of Elyvilon.
  5966 | D:7      | Found a shattered altar of Ashenzari.
  5980 | D:7      | Reached skill level 5 in Shields
  6112 | D:7      | Reached *** piety under Zin
  6481 | D:8      | Noticed Prince Ribbit
  6500 | D:8      | Noticed Erica
  6507 | D:8      | Noticed Grum
  6575 | D:7      | Killed Grum
  6575 | D:7      | Reached skill level 12 in Axes
  6621 | D:7      | Reached skill level 1 in Dodging
  6641 | D:7      | Killed Erica
  6641 | D:7      | Reached skill level 5 in Armour
  6910 | D:8      | Found a staircase to the Lair.
  6921 | D:8      | Reached XP level 10. HP: 63/93 MP: 9/9
  7081 | D:8      | Reached skill level 13 in Axes
  7175 | D:8      | Noticed a black mamba
  7206 | D:8      | Killed a black mamba
  7206 | D:8      | Reached skill level 10 in Fighting
  7502 | D:8      | Killed Prince Ribbit
  8050 | D:8      | Donated 147 gold pieces to Zin
  8071 | Lair:1   | Entered Level 1 of the Lair of Beasts
  8072 | Lair:1   | Donated 73 gold pieces to Zin
  8207 | Lair:1   | Reached skill level 5 in Dodging
  8221 | Lair:1   | Reached skill level 14 in Axes
  8429 | Lair:1   | Reached XP level 11. HP: 75/101 MP: 10/10
  8813 | Lair:1   | Found a frozen archway.
  8991 | Lair:1   | Noticed a four-headed hydra
  9012 | Lair:1   | Killed a four-headed hydra
 10105 | Lair:2   | Reached skill level 15 in Axes
 11086 | Lair:3   | Reached **** piety under Zin
 11247 | Lair:3   | Found a labyrinth entrance.
 11259 | Lab      | Entered a labyrinth
 13538 | Lab      | Noticed a minotaur
 13834 | Lair:3   | Noticed a four-headed hydra
 13857 | Lair:3   | Killed a four-headed hydra
 13857 | Lair:3   | Reached XP level 12. HP: 79/112 MP: 11/11
 13998 | Lair:3   | Found a staircase to the Snake Pit.
 14385 | Lair:4   | Noticed a six-headed hydra
 14399 | Lair:3   | Killed a six-headed hydra
 14971 | Lair:4   | Noticed slayr's ghost (journeyman MfVM)
 15080 | Lair:4   | Killed slayr's ghost
 15080 | Lair:4   | Reached skill level 16 in Axes
 16048 | Lair:5   | Reached skill level 10 in Armour
 16518 | Lair:5   | Got a steaming pewter amulet
 16839 | Lair:5   | Identified the amulet of Otye {Spirit -Tele rPois rC+ Str+7} (You found it on level 5 of the Lair of Beasts)
 17692 | Lair:6   | Reached skill level 17 in Axes
 18033 | Lair:6   | Reached XP level 13. HP: 95/119 MP: 12/12
 18958 | Lair:6   | Found a staircase to the Swamp.
 19120 | Lair:6   | Noticed a six-headed hydra
 19131 | Lair:6   | Killed a six-headed hydra
 19567 | Lair:6   | Reached skill level 10 in Dodging
 20823 | Lair:7   | Reached ***** piety under Zin
 20938 | Lair:7   | Found a staircase to the Slime Pits.
 21887 | Lair:8   | Entered Level 8 of the Lair of Beasts
 23194 | D:8      | Got a pair of warped boots
 23205 | D:8      | Identified the +1 pair of boots "Loosor" {Dex+6} (You found it on level 8 of the Dungeon)
 23301 | D:9      | Found a glowing golden altar of the Shining One.
 23831 | D:9      | Found Xaheiff's General Store.
 23839 | D:9      | Bought a potion of degeneration for 15 gold pieces
 24137 | D:9      | Found a sparkling altar of Nemelex Xobeh.
 24138 | D:9      | Found an opulent altar of Gozag.
 24649 | D:9      | Got a steaming chain mail
 24660 | D:9      | Identified the +1 chain mail "Quckejuh" {Int+4 Dex+4} (You found it on level 9 of the Dungeon)
 24706 | D:10     | Entered Level 10 of the Dungeon
 24881 | D:10     | Reached XP level 14. HP: 133/133 MP: 13/13
 26001 | D:11     | Found a staircase to the Orcish Mines.
 26474 | Orc:1    | Entered Level 1 of the Orcish Mines
 26475 | Orc:1    | Noticed Erolcha
 26497 | Orc:1    | Killed Erolcha
 26701 | Orc:1    | Reached ****** piety under Zin
 27595 | Orc:3    | Noticed an orc warlord
 27928 | Orc:3    | Killed an orc warlord
 28330 | Orc:3    | Found a burning altar of Makhleb.
 28516 | Orc:4    | Entered Level 4 of the Orcish Mines
 28765 | Orc:4    | Found a staircase to the Elven Halls.
 29043 | Orc:4    | Found Nimoll's Antique Armour Boutique.
 29063 | Orc:4    | Bought a pair of encrusted gloves for 361 gold pieces
 29063 | Orc:4    | Bought a distressingly furry leather armour for 266 gold pieces
 29073 | Orc:4    | Identified the +2 pair of gloves "Vidon" {rPois SInv Stlth-} (You bought it in a shop on level 4 of the Orcish Mines)
 29367 | Orc:4    | Reached skill level 15 in Fighting
 29946 | Orc:4    | Found Qorouk Egor's Weapon Shoppe.
 29946 | Orc:4    | Found Oghysch's Antique Weapon Shop.
 29948 | Orc:4    | Found Soxty's Food Shop.
 29948 | Orc:4    | Found Doathit's Book Shoppe.
 29966 | Orc:4    | Bought a runed war axe for 87 gold pieces
 30164 | Orc:4    | Bought a glowing chain mail for 171 gold pieces
 30575 | Orc:1    | Noticed Fannar
 30626 | Orc:1    | Killed Fannar
 30700 | Orc:1    | Found a roughly hewn altar of Beogh.
 30711 | Orc:1    | Noticed Urug
 30723 | Orc:1    | Killed Urug
 30723 | Orc:1    | Reached skill level 1 in Invocations
 31961 | D:13     | Noticed Josephine
 31978 | D:13     | Killed Josephine
 33522 | D:14     | Reached XP level 15. HP: 144/144 MP: 16/16
 34294 | D:14     | Found a gate to the Vaults.
 34321 | D:14     | Found Horchaan's Antique Armour Shop.
 34352 | D:14     | Bought a pair of polished boots for 266 gold pieces
 34352 | D:14     | Bought a steaming chain mail for 266 gold pieces
 34386 | D:14     | Identified the +0 pair of boots "Qetif" {Regen+ SInv} (You bought it in a shop on level 14 of the Dungeon)
 34419 | D:14     | Identified the +5 chain mail of Wasted Space {+Inv rPois Regen+} (You bought it in a shop on level 14 of the Dungeon)
 34684 | D:15     | Entered Level 15 of the Dungeon
 34791 | D:15     | Found Wabovewn's Magic Scroll Shoppe.
 35123 | D:15     | Found a staircase to the Depths.
 35817 | Lair:2   | Reached skill level 5 in Invocations
 35843 | Snake:1  | Entered Level 1 of the Snake Pit
 36195 | Snake:1  | Noticed Donald
 36218 | Snake:1  | Killed Donald
 37022 | Snake:1  | Noticed Asterion
 37047 | Snake:1  | Killed Asterion
 37195 | Snake:1  | Reached skill level 1 in Maces & Flails
 37865 | Snake:2  | HP: 6/148 [poisoned by a naga ritualist (toxic radiance)]
 37866 | Snake:1  | HP: 1/148 [poisoned by a naga ritualist (toxic radiance)]
 38039 | Snake:2  | Reached XP level 16. HP: 125/157 MP: 18/20
 38528 | Lair:8   | Reached skill level 5 in Maces & Flails
 38846 | Lair:8   | Got a heavily runed shield
 38901 | Lair:8   | Identified the +1 shield of the Equinox {rC+ Regen+} (You found it on level 8 of the Lair of Beasts)
 39220 | Lair:8   | Reached skill level 15 in Armour
 41949 | Snake:3  | Reached skill level 18 in Axes
 41958 | Snake:3  | Got a pitted whip
 41959 | Snake:3  | Identified the +9 whip of Courage {flame, rPois rF+ rN+} (You found it on level 3 of the Snake Pit)
 42421 | Snake:3  | Reached skill level 10 in Invocations
 42844 | Snake:1  | Reached XP level 17. HP: 157/163 MP: 12/23
 43241 | Snake:4  | Entered Level 4 of the Snake Pit
 43353 | Snake:4  | Noticed Vashnia
 43354 | Snake:4  | Noticed Norris
 43385 | Snake:4  | Noticed Kirke
 43392 | Snake:4  | Killed Kirke
 43423 | Snake:4  | Killed Vashnia
 44167 | Snake:4  | Reached skill level 19 in Axes
 44180 | Snake:4  | Paralysed by Norris for 2 turns
 44209 | Snake:3  | Killed Norris
 44591 | Snake:4  | Found Menaery's Distillery.
 44602 | Snake:4  | Bought a potion of curing for 63 gold pieces
 44602 | Snake:4  | Bought a potion of curing for 63 gold pieces
 44602 | Snake:4  | Bought a potion of curing for 63 gold pieces
 44602 | Snake:4  | Bought a potion of haste for 210 gold pieces
 44602 | Snake:4  | Bought a potion of agility for 84 gold pieces
 44602 | Snake:4  | Bought 2 potions of might for 168 gold pieces
 45473 | Snake:4  | Reached XP level 18. HP: 173/173 MP: 24/24
 45603 | Snake:4  | Got a serpentine rune of Zot
 45950 | Swamp:1  | Entered Level 1 of the Swamp
 46087 | Swamp:1  | Noticed Roxanne
 46152 | Swamp:1  | Killed Roxanne
 46154 | Swamp:1  | Identified Roxanne's Almanac of Ashen Shape Shifting (You took it off Roxanne on level 1 of the Swamp)
 47423 | Swamp:2  | Reached skill level 15 in Dodging
 48434 | Swamp:4  | Entered Level 4 of the Swamp
 48818 | Swamp:4  | Noticed the 27-headed Lernaean hydra
 48841 | Swamp:3  | Killed the 27-headed Lernaean hydra
 49306 | Swamp:4  | Got a decaying rune of Zot
 50100 | Vaults:1 | Entered Level 1 of the Vaults
 50681 | Vaults:1 | Found Benlosh's Weapon Boutique.
 50719 | Vaults:1 | Reached XP level 19. HP: 176/184 MP: 22/25
 50829 | Vaults:1 | Reached skill level 10 in Shields
 52191 | Vaults:2 | Found a flickering gateway to a bazaar.
 52211 | Bazaar   | Entered a bazaar
 52325 | Bazaar   | Found Ytumurpho's Food Emporium.
 52325 | Bazaar   | Found Acrounuh's Assorted Antiques.
 52330 | Bazaar   | Bought a scroll of identify for 46 gold pieces
 52347 | Bazaar   | Found Wusch's Assorted Antiques.
 52388 | Bazaar   | Found Koschap's Jewellery Emporium.
 52388 | Bazaar   | Found Biolucikk's Assorted Antiques.
 52393 | Bazaar   | Bought a faintly humming plate armour for 616 gold pieces
 52393 | Bazaar   | Bought a scroll of teleportation for 66 gold pieces
 52399 | Bazaar   | Bought an uncursed amulet of clarity for 140 gold pieces
 52460 | Bazaar   | Bought a beef jerky for 16 gold pieces
 52460 | Bazaar   | Bought 3 fruits for 49 gold pieces
 52460 | Bazaar   | Bought 4 fruits for 66 gold pieces
 52460 | Bazaar   | Bought 2 fruits for 33 gold pieces
 52460 | Bazaar   | Bought a meat ration for 55 gold pieces
 52460 | Bazaar   | Bought a meat ration for 55 gold pieces
 52460 | Bazaar   | Bought a fruit for 16 gold pieces
 52460 | Bazaar   | Bought a bread ration for 55 gold pieces
 52609 | Vaults:2 | Identified the +7 plate armour of the Elven Halls {rPois Int+3} (You bought it in a shop in a bazaar)
 53665 | Vaults:3 | Reached skill level 15 in Shields
 53853 | Vaults:3 | Reached skill level 20 in Fighting
 53899 | Vaults:3 | Found Cyesue's Weapon Boutique.
 54300 | Vaults:3 | Found a staircase to the Crypt.
 55014 | Vaults:4 | Reached XP level 20. HP: 177/193 MP: 23/26
 56408 | Vaults:4 | Paralysed by a giant eyeball for 2 turns
 56428 | Vaults:4 | Paralysed by a giant eyeball for 2 turns
 57388 | Vaults:5 | Entered Level 5 of the Vaults
 57438 | Vaults:5 | Reached skill level 21 in Fighting
 57497 | Vaults:4 | Reached XP level 21. HP: 94/204 MP: 14/27
 58322 | Vaults:5 | Got a silver rune of Zot
 58337 | Vaults:5 | Identified the Incunabulum of Aerial Damage Dealing
 58692 | Vaults:5 | Noticed an ancient lich
 58708 | Vaults:5 | Killed an ancient lich
 59231 | Vaults:5 | Got a pitted dire flail
 59237 | Vaults:5 | Identified the Handbook of Creative Battle Magic
 60711 | Depths:1 | Entered Level 1 of the Depths
 60808 | Depths:1 | Reached XP level 22. HP: 215/215 MP: 28/28
 60841 | Depths:1 | Noticed Nikola
 60855 | Depths:1 | Killed Nikola
 60957 | Depths:1 | Found a one-way gate to the infinite horrors of the Abyss.
 61071 | Depths:1 | Found Saromiug's Antique Weapon Boutique.
 61190 | Depths:1 | Found Malyac's Gadget Boutique.
 61231 | Depths:1 | Found a gateway to Hell.
 61625 | Depths:2 | Reached skill level 22 in Fighting
 61772 | Depths:2 | Got a scorched ring mail
 61788 | Depths:2 | Identified the +5 ring mail of the Maze {rN+ MP+9 Dex+4 SInv} (You found it on level 2 of the Depths)
 62346 | Depths:2 | Found a gateway to a ziggurat.
 62762 | Depths:2 | Found Goep's Book Boutique.
 62789 | Depths:2 | Found a portal to a secret trove of treasure.
 62932 | Depths:2 | You paid a toll of 20 scrolls of identify to enter a treasure trove
 62933 | Trove    | Entered a treasure trove
 63113 | Depths:3 | Found a one-way gate leading to the halls of Pandemonium.
 63113 | Depths:3 | Noticed Jory
 63977 | Depths:3 | Killed Jory
 65573 | Depths:4 | Reached XP level 23. HP: 204/225 MP: 25/29
 65649 | Depths:4 | Reached skill level 23 in Fighting
 66945 | Depths:4 | Got a jewelled battleaxe
 66946 | Depths:4 | Identified the +3 battleaxe "Fyuq" {vamp, +Rage +Fly Str-3} (You found it on level 4 of the Depths)
 66971 | Depths:5 | Entered Level 5 of the Depths
 68437 | Depths:5 | Found a gate to the Realm of Zot.
 69005 | Zot:1    | Entered Level 1 of the Realm of Zot
 69112 | Zot:1    | Reached skill level 24 in Fighting
 69203 | Zot:1    | Reached XP level 24. HP: 191/238 MP: 22/29
 71745 | Zot:3    | Got a shimmering fire dragon armour
 71773 | Zot:3    | Identified the +4 fire dragon armour "Nuskoatu" {rF++ rC- Str+4 Int+3} (You found it on level 3 of the Realm of Zot)
 73346 | Zot:4    | Reached skill level 25 in Fighting
 74608 | Zot:3    | Reached XP level 25. HP: 234/250 MP: 26/29
 75102 | Elf:1    | Entered Level 1 of the Elven Halls
 75440 | Elf:1    | Found Weloa's General Store.
 75447 | Elf:1    | Bought a scroll of identify for 34 gold pieces
 75447 | Elf:1    | Bought 2 potions of agility for 136 gold pieces
 75567 | Elf:1    | Found Nilacrui's Distillery.
 75573 | Elf:1    | Bought a potion of cancellation for 128 gold pieces
 75573 | Elf:1    | Bought a potion of berserk rage for 80 gold pieces
 75626 | Elf:1    | Found Heosoem's Jewellery Shop.
 75775 | Elf:1    | Found Xest's Assorted Antiques.
 75821 | Elf:1    | Bought a scroll of enchant weapon for 240 gold pieces
 75821 | Elf:1    | Bought a shiny plate armour for 736 gold pieces
 75989 | Elf:1    | Noticed Frances
 76006 | Elf:1    | Killed Frances
 76072 | Elf:2    | Found Beel's Gadget Boutique.
 76457 | Elf:2    | Found a huge runed gate.
 76457 | Elf:2    | Found a huge runed gate.
 76457 | Elf:2    | Found a huge runed gate.
 76459 | Elf:2    | Found a huge runed gate.
 76462 | Elf:2    | Found a huge runed gate.
 77206 | Elf:3    | Entered Level 3 of the Elven Halls
 77380 | Elf:3    | Found Qatat's Jewellery Boutique.
 77385 | Elf:3    | Bought the ring of Yprehod {rElec MR+} for 546 gold pieces
 77420 | Elf:3    | Reached skill level 1 in Throwing
 77723 | Elf:3    | Reached skill level 5 in Throwing
 78129 | Elf:3    | Got a bound glass ring
 78130 | Elf:3    | Identified the ring of Freedom {rElec rC+ Str+3 Int+3 Dex+5} (You found it on level 3 of the Elven Halls)
 78141 | Elf:3    | Got a warped iron ring
 78143 | Elf:3    | Identified the ring "Atzeih" {rPois MR+ SInv} (You found it on level 3 of the Elven Halls)
 79792 | Depths:1 | Voluntarily entered the Abyss.
 79792 | Abyss:1  | Found a corrupted altar of Lugonu.
 80083 | Abyss:1  | Found a corrupted altar of Lugonu.
 80505 | Abyss:3  | Found a shimmering altar of Xom.
 80505 | Abyss:3  | Found a shimmering altar of Xom.
 80505 | Abyss:3  | Found a shimmering altar of Xom.
 80505 | Abyss:3  | Found a shimmering altar of Xom.
 80506 | Abyss:3  | Found a shimmering altar of Xom.
 80506 | Abyss:3  | Found a shimmering altar of Xom.
 80506 | Abyss:3  | Found a shimmering altar of Xom.
 80507 | Abyss:3  | Found a corrupted altar of Lugonu.
 80507 | Abyss:3  | Found a shimmering altar of Xom.
 80507 | Abyss:3  | Found a shimmering altar of Xom.
 80507 | Abyss:3  | Found a shimmering altar of Xom.
 80508 | Abyss:3  | Found a shimmering altar of Xom.
 80508 | Abyss:3  | Found a shimmering altar of Xom.
 80508 | Abyss:3  | Found a shimmering altar of Xom.
 80508 | Abyss:3  | Found a shimmering altar of Xom.
 80509 | Abyss:3  | Found a shimmering altar of Xom.
 80509 | Abyss:3  | Found a shimmering altar of Xom.
 80509 | Abyss:3  | Found a shimmering altar of Xom.
 80510 | Abyss:3  | Found a shimmering altar of Xom.
 80829 | Abyss:3  | Found a corrupted altar of Lugonu.
 80855 | Abyss:3  | Paralysed by a giant eyeball for 4 turns
 81139 | Abyss:3  | Got an abyssal rune of Zot
 81242 | Abyss:3  | Found a corrupted altar of Lugonu.
 81281 | Depths:1 | Escaped the Abyss
 81753 | Slime:1  | Entered Level 1 of the Pits of Slime
 81809 | Slime:2  | Reached skill level 26 in Fighting
 81859 | Slime:2  | Reached XP level 26. HP: 241/261 MP: 29/29
 82085 | Slime:6  | Entered Level 6 of the Pits of Slime
 82190 | Slime:6  | Found a viscous altar of Jiyva.
 82195 | Slime:6  | Noticed the royal jelly
 83595 | D:15     | Bought a scroll of summoning for 142 gold pieces
 83595 | D:15     | Bought a scroll of summoning for 142 gold pieces
 84384 | Slime:6  | Killed the royal jelly
 85119 | Elf:1    | Bought a wand of disintegration (10) for 238 gold pieces
 85645 | Slime:6  | Got a slimy rune of Zot
 85718 | Slime:6  | Got a bloodstained plate armour
 85729 | Slime:6  | Identified the cursed +0 plate armour of the Lobster {rPois Str+4 Slay+2} (You found it on level 6 of the Pits of Slime)
 85848 | Slime:6  | Got a glittering bronze ring
 85850 | Slime:6  | Identified the ring of Wonder {Fire Stlth+} (You found it on level 6 of the Pits of Slime)
 86275 | D:9      | Fell from the grace of Zin
 86275 | D:9      | Became a worshipper of the Shining One
 86275 | D:9      | Reached * piety under the Shining One
 86275 | D:9      | Reached ** piety under the Shining One
 86275 | D:9      | Reached *** piety under the Shining One
 86519 | Hell     | Entered the Vestibule of Hell
 86519 | Hell     | Noticed Geryon
 86519 | Hell     | Reached **** piety under the Shining One
 86864 | Crypt:1  | Entered Level 1 of the Crypt
 86879 | Crypt:1  | Noticed Khufu
 87347 | Crypt:1  | Killed Khufu
 87431 | Crypt:1  | Noticed Frederick
 87461 | Crypt:1  | Killed Frederick
 87484 | Crypt:1  | Killed the ghostly Frederick
 87613 | Crypt:1  | Reached ***** piety under the Shining One
 87646 | Crypt:1  | Gained mutation: You have large cloven feet. [potion of beneficial mutation]
 87647 | Crypt:1  | Gained mutation: You have supernaturally acute eyesight. [potion of beneficial mutation]
 87977 | Crypt:1  | Reached ****** piety under the Shining One
 88421 | Crypt:2  | Identified a +3 sacred scourge of holy wrath (a +1 demon whip of electrocution blessed by the Shining One)
 88421 | Crypt:2  | Received a gift from the Shining One
 88965 | Crypt:3  | Entered Level 3 of the Crypt
 89031 | Crypt:3  | Reached XP level 27. HP: 268/268 MP: 29/29
 89126 | Crypt:3  | Found a basalt altar of Yredelemnul.
 89304 | Crypt:3  | Noticed Mennas
 89347 | Crypt:3  | Killed Mennas
 89748 | Crypt:3  | Found a staircase to the Tomb.
 90607 | Orc:4    | Bought a beef jerky for 16 gold pieces
 90607 | Orc:4    | Bought a meat ration for 55 gold pieces
 90607 | Orc:4    | Bought a slice of pizza for 16 gold pieces
 90607 | Orc:4    | Bought a beef jerky for 16 gold pieces
 90607 | Orc:4    | Bought a bread ration for 55 gold pieces
 90607 | Orc:4    | Bought a bread ration for 55 gold pieces
 90607 | Orc:4    | Bought 4 fruits for 66 gold pieces
 90607 | Orc:4    | Bought a beef jerky for 16 gold pieces
 91319 | Hell     | Noticed Murray
 91358 | Hell     | Killed Geryon
 91373 | Hell     | Killed Murray
 91458 | Hell     | Found a gateway to the freezing wastes of Cocytus.
 91668 | Hell     | Found a gateway to the ashen valley of Gehenna.
 91730 | Hell     | Found a gateway to the decaying netherworld of Tartarus.
 91824 | Hell     | Found a gateway to the Iron City of Dis.
 92102 | Geh:1    | Entered Level 1 of Gehenna
 92593 | Geh:3    | Gained mutation: You are partially covered in yellow scales (AC +2). [potion of beneficial mutation]
 93212 | Geh:7    | Entered Level 7 of Gehenna
 94285 | Geh:7    | Identified a scroll of acquirement
 94289 | Geh:7    | Got a sparkling platinum amulet
 94379 | Geh:7    | Got a twitching copper ring
 94380 | Geh:7    | Identified an amulet "Ochonyw" {rCorr rF+ rN+ Int-5 Dex+2} (You took it off an efreet on level 7 of Gehenna)
 94381 | Geh:7    | Identified the ring "Esot" {Fire rPois Dex+6} (You found it on level 7 of Gehenna)
 94761 | Geh:7    | Noticed Asmodeus
 94793 | Geh:7    | Killed Asmodeus
 94843 | Geh:7    | Got an obsidian rune of Zot
 95301 | Coc:1    | Entered Level 1 of Cocytus
 96387 | Coc:7    | Entered Level 7 of Cocytus
 96598 | Coc:7    | Reached skill level 27 in Armour
 96642 | Coc:7    | Reached skill level 27 in Dodging
 96969 | Coc:7    | Reached skill level 27 in Fighting
 97035 | Coc:7    | Got a brightly glowing morningstar
 97036 | Coc:7    | Identified the +7 morningstar "Ruxosoej" {speed, +Rage rC+} (You found it on level 7 of Cocytus)
 98165 | Coc:7    | Noticed Antaeus
 98178 | Coc:7    | Was placed under penance by the Shining One
 98265 | Coc:7    | Killed Antaeus
 98274 | Coc:7    | Reached skill level 10 in Maces & Flails
 98707 | Coc:7    | Got an icy rune of Zot
 98722 | Coc:7    | Got a smoking jade amulet
 98724 | Coc:7    | Got a flickering golden ring
 98731 | Coc:7    | Got a distressingly furry leather armour
 98732 | Coc:7    | Identified the +4 leather armour of the Echidna {rPois rF+} (You found it on level 7 of Cocytus)
 99025 | Coc:7    | Was forgiven by the Shining One
 99138 | Hell     | Identified the amulet of Bilyusug {Gourm rN+ Dex+3} (You found it on level 7 of Cocytus)
 99140 | Hell     | Identified the ring of Kazoadig {rPois rC+ Str+2 Dex+2 Stlth+} (You found it on level 7 of Cocytus)
 99771 | Vaults:1 | Gained mutation: You regenerate slowly when monsters are visible. [a shining eye]
 99774 | Vaults:1 | Gained mutation: You are clumsy. (Dex -2) [a shining eye]
100857 | Tomb:1   | Entered Level 1 of the Tomb of the Ancients
101426 | Tomb:1   | Reached skill level 1 in Evocations
103016 | Tomb:2   | Reached skill level 5 in Evocations
103789 | Tomb:1   | Reached skill level 15 in Invocations
104056 | Tomb:1   | Reached skill level 15 in Maces & Flails
105286 | Tomb:3   | Entered Level 3 of the Tomb of the Ancients
108349 | Tomb:3   | Reached skill level 10 in Evocations
109192 | Tomb:3   | Got a golden rune of Zot
109918 | Tomb:3   | Got a shimmering cloak
109929 | Tomb:3   | Identified the +3 cloak of Voemamef {rN+} (You found it on level 3 of the Tomb of the Ancients)
112397 | Slime:5  | Gained mutation: You are occasionally teleported next to monsters. [a shining eye]
112445 | Lair:7   | Lost mutation: You are occasionally teleported next to monsters. [potion of cure mutation]
112445 | Lair:7   | Lost mutation: You have large cloven feet. [potion of cure mutation]
112445 | Lair:7   | Lost mutation: You are clumsy. (Dex -2) [potion of cure mutation]
112445 | Lair:7   | Lost mutation: You are partially covered in yellow scales (AC +2). [potion of cure mutation]
112445 | Lair:7   | Lost mutation: You regenerate slowly when monsters are visible. [potion of cure mutation]
112869 | Elf:1    | Bought a potion of agility for 64 gold pieces
112869 | Elf:1    | Bought a potion of beneficial mutation for 560 gold pieces
112869 | Elf:1    | Gained mutation: You have a pair of large horns on your head. [potion of beneficial mutation]
113182 | Dis:1    | Entered Level 1 of the Iron City of Dis
113794 | Dis:7    | Entered Level 7 of the Iron City of Dis
114854 | Dis:7    | Got a translucent silver ring
114855 | Dis:7    | Identified the ring of Neush {+/*Tele rElec MR+ MP+9} (You found it on level 7 of the Iron City of Dis)
115214 | Dis:7    | Noticed Dispater
115228 | Dis:7    | Killed Dispater
115277 | Dis:7    | Got an iron rune of Zot
115507 | Tar:1    | Entered Level 1 of Tartarus
117115 | Tar:7    | Entered Level 7 of Tartarus
117181 | Tar:7    | Noticed the Serpent of Hell
117188 | Tar:7    | Noticed Ereshkigal
117253 | Tar:7    | Got a bone rune of Zot
117700 | Pan      | Entered Pandemonium
117707 | Pan      | Reached skill level 1 in Stealth
117810 | Pan      | Found an exit through the horrors of the Abyss.
117837 | Pan      | Noticed Reish the pandemonium lord
117849 | Pan      | Killed Reish the pandemonium lord
118458 | Pan      | Noticed Wulupp the pandemonium lord
118485 | Pan      | Killed Wulupp the pandemonium lord
118555 | Pan      | Gained mutation: You are frail (-10% HP). [a neqoxec]
118591 | Pan      | Gained mutation: You are dopey. (Int -2) [a cacodemon]
118594 | Pan      | Gained mutation: You are clumsy. (Dex -2) [a cacodemon]
118637 | Pan      | Found an exit through the horrors of the Abyss.
118652 | Pan      | Found a gateway to a ziggurat.
119131 | Pan      | Gained mutation: You are occasionally teleported next to monsters. [a neqoxec]
119143 | Pan      | Noticed Uxtodgha the pandemonium lord
119144 | Pan      | Reached skill level 5 in Stealth
119187 | Pan      | Killed Uxtodgha the pandemonium lord
119527 | Pan      | Found an exit through the horrors of the Abyss.
120134 | Pan      | Gained mutation: You are weak. (Str -2) [a cacodemon]
120137 | Pan      | Reached skill level 15 in Evocations
120171 | Pan      | Noticed Agulem the pandemonium lord
120183 | Pan      | Killed Agulem the pandemonium lord
121019 | Pan      | Found an exit through the horrors of the Abyss.
121709 | Pan      | Found an exit through the horrors of the Abyss.
122179 | Pan      | Got a wavering copper amulet
122180 | Pan      | Identified the amulet "Aduun" {Stasis Stlth+} (You acquired it in Pandemonium)
122283 | Pan      | Found an exit through the horrors of the Abyss.
122283 | Pan      | Noticed Keocuen the pandemonium lord
122293 | Pan      | Killed Keocuen the pandemonium lord
122606 | Pan      | Gained mutation: You are partially covered in large bone plates (AC +2, SH +2). [a neqoxec]
123131 | Pan      | Paralysed by a torturous chaos champion for 3 turns
123315 | Pan      | Got a slimy scale mail
123329 | Pan      | Reached skill level 10 in Stealth
123410 | Pan      | Found an exit through the horrors of the Abyss.
123427 | Pan      | Noticed Juelol the pandemonium lord
123436 | Pan      | Killed Juelol the pandemonium lord
124033 | Pan      | Gained mutation: You are very frail (-20% HP). [a cacodemon]
124159 | Pan      | Took an exit into the Abyss.
124159 | Abyss:1  | Escaped into the Abyss
124172 | Depths:3 | Escaped the Abyss
124431 | Elf:1    | Bought an uncursed amulet of warding for 240 gold pieces
124736 | Depths:2 | Identified the +2 scale mail "Afeitexu" {Int+4} (You found it in Pandemonium)
124781 | Zig:1    | Entered Level 1 of a ziggurat
124794 | Zig:2    | Entered Level 2 of a ziggurat
125045 | Zig:2    | Identified the Collected Works on the Escort and Contamination
125047 | Zig:3    | Entered Level 3 of a ziggurat
125097 | Zig:4    | Entered Level 4 of a ziggurat
125120 | Zig:5    | Entered Level 5 of a ziggurat
125150 | Zig:6    | Entered Level 6 of a ziggurat
125530 | Zig:7    | Entered Level 7 of a ziggurat
125541 | Zig:7    | Paralysed by accursed screaming for 2 turns
125548 | Zig:7    | Paralysed by accursed screaming for 2 turns
125556 | Zig:7    | Paralysed by accursed screaming for 2 turns
125557 | Zig:7    | HP: 7/218 [starcursed mass/accursed screaming (10)]
125559 | Zig:7    | Killed from afar by a starcursed mass

Action                   |  1- 3 |  4- 6 |  7- 9 | 10-12 | 13-15 | 16-18 | 19-21 | 22-24 | 25-27 || total
-------------------------+-------+-------+-------+-------+-------+-------+-------+-------+-------++-------
Melee: War axe           |    58 |   137 |   266 |   785 |  1730 |   266 |       |       |       ||  3242
       Mace              |       |       |       |    43 |    59 |    65 |       |       |       ||   167
       Battleaxe         |       |       |       |       |       |   685 |       |       |       ||   685
       Whip              |       |       |       |       |       |   905 |  2542 |  3256 |  2683 ||  9386
       Sacred scourge    |       |       |       |       |       |       |       |       |  5005 ||  5005
 Fire: Blowgun           |       |       |       |       |       |       |       |       |     8 ||     8
Invok: Recite            |       |       |     5 |       |     8 |    10 |    23 |    40 |    15 ||   101
       Vitalisation      |       |       |     1 |     3 |     9 |     5 |    14 |    28 |    19 ||    79
       Donate Gold       |       |       |       |     2 |       |       |       |       |       ||     2
       Sanctuary         |       |       |       |       |       |       |       |     1 |     1 ||     2
       Divine Shield     |       |       |       |       |       |       |       |       |     8 ||     8
       Brand Weapon With |       |       |       |       |       |       |       |       |     1 ||     1
       Summon Divine War |       |       |       |       |       |       |       |       |   145 ||   145
       Cleansing Flame   |       |       |       |       |       |       |       |       |     3 ||     3
 Abil: Evoke Flight      |       |       |       |       |       |       |       |       |    16 ||    16
       Stop Flying       |       |       |       |       |       |       |       |       |     8 ||     8
Evoke: Wand              |       |       |       |     4 |     3 |       |       |       |     6 ||    13
       Sack of spiders   |       |       |       |       |       |       |       |       |     3 ||     3
  Use: Potion            |       |     3 |       |     6 |     8 |     5 |     3 |     2 |    86 ||   113
       Scroll            |       |       |     3 |    13 |    13 |     9 |     1 |     3 |    99 ||   141
 Stab: Invisible         |       |       |       |       |    10 |       |     1 |       |       ||    11
       Confused          |       |       |       |       |     1 |     9 |    15 |    19 |    10 ||    54
       Fleeing           |       |       |       |       |       |     1 |       |       |       ||     1
       Paralysed         |       |       |       |       |       |       |       |     4 |     1 ||     5
       Distracted        |       |       |       |       |       |       |       |       |     2 ||     2
  Eat: Chunk             |       |     7 |    12 |    20 |    23 |     4 |       |       |       ||    66
       Beef jerky        |       |     1 |       |     2 |     2 |       |       |     2 |    14 ||    21
       Royal jelly       |       |       |       |     1 |       |       |       |     3 |     4 ||     8
       Meat ration       |       |       |       |     1 |     6 |     8 |     6 |     9 |    12 ||    42
       Bread ration      |       |       |       |     1 |     1 |       |     1 |     4 |    25 ||    32
       Pizza             |       |       |       |       |     3 |       |     1 |     4 |     3 ||    11
